AoeStats
← beneath mariana

African Clearing

506580275Analyzed
4v4 RM · 19d ago on Sep 14, 2026· 35m 12s· 8 players
Game mode
Random Map
Map size
Large (8 player)
Population
200
Speed
Normal
Resources
Standard
Victory
Conquest
Starting age
Dark Age
Ending age
Imperial Age
RankedLock teamsTeams togetherTeam positionsShared explorationLock speedFull tech treeHidden civsTurbo modeCheats
Victory
Defeat
🇲🇽 Koreans · Mexico
1557
+13
🇲🇽 Mongols · Mexico
1481
+16
🇲🇽 Magyars · Mexico
1432
+18
🇺🇸 Cumans · United States
1406
+19
🇺🇸 Turks · United States
1513
-18
🇨🇳 Gurjaras · China
1492
-17
🇹🇼 Mongols · Taiwan
1472
-16
🇲🇽 Huns · Mexico
1454
-15
ElConquistadorCaxcan
11:47 Feudal Age
13:20 Double-Bit Axe
13:53 Loom
16:27 Horse Collar
18:04 Wheelbarrow
17:17 Town Watch
22:31 Castle Age
20:37 Gold Mining
21:50 Scale Barding Armor
22:32 Forging
22:42 Bloodlines
23:33 Light Cavalry
28:48 Heavy Plow
29:02 Bow Saw
29:34 Gold Shaft Mining
Dr. Ganzo Merlín
9:20 Loom
14:35 Feudal Age
16:57 Double-Bit Axe
19:26 Castle Age
18:28 Gold Mining
19:14 Horse Collar
21:55 Heavy Plow
22:11 Bow Saw
24:52 Fletching
26:22 Bodkin Arrow
27:36 Ballistics
31:48 Wheelbarrow
TaToHciego
10:57 Feudal Age
11:19 Loom
11:33 Double-Bit Axe
11:55 Town Watch
13:42 Forging
21:01 Castle Age
20:39 Fletching
21:01 Bloodlines
21:19 Padded Archer Armor
21:57 Husbandry
22:49 Bodkin Arrow
24:32 Elite Skirmisher
30:28 Wheelbarrow
Mike
4:51 Loom
12:13 Feudal Age
20:50 Castle Age
21:53 Scale Barding Armor
21:19 Light Cavalry
22:55 Husbandry
23:54 Double-Bit Axe
23:51 Horse Collar
26:02 Bloodlines
27:14 Chain Barding Armor
27:24 Fletching
35:21 Bodkin Arrow
Ferpo
6:45 Loom
12:29 Feudal Age
16:54 Castle Age
15:55 Bloodlines
15:51 Double-Bit Axe
16:36 Fletching
17:36 Husbandry
17:46 Padded Archer Armor
19:15 Bodkin Arrow
24:32 Leather Archer Armor
25:33 Ballistics
30:53 Wheelbarrow
31:04 Horse Collar
33:14 Bow Saw
33:05 Heavy Plow
YOGRANNYCANTSCRAP
14:30 Loom
16:58 Feudal Age
17:32 Double-Bit Axe
18:43 Fishing Lines
22:35 Castle Age
23:32 Scale Barding Armor
25:23 Chain Barding Armor
27:21 Bloodlines
29:14 Forging
beneath mariana
12:00 Feudal Age
11:26 Loom
13:28 Double-Bit Axe
16:35 Scale Barding Armor
17:23 Bloodlines
18:30 Town Watch
25:15 Castle Age
25:23 Fletching
25:34 Padded Archer Armor
25:27 Horse Collar
27:50 Wheelbarrow
31:09 Bow Saw
TW_彰化人
10:55 Loom
13:25 Feudal Age
17:54 Castle Age
16:03 Double-Bit Axe
19:42 Fletching
24:47 Bodkin Arrow
25:35 Horse Collar
28:44 Thumb Ring
30:39 Fishing Lines
31:13 Bloodlines
31:04 Husbandry
37:33 Imperial Age
Connection lost

Rejoining the realm…

Still unreachable

The connection could not be restored.

Session expired

The server has moved on; the page needs a fresh start.